 Dungeon Crawl Stone Soup version 0.22-a0-113-gdd6f4a9 (webtiles) character file.

232 Gildeon the Poker (level 5, -1/45 HPs)
             Began as a Demigod Fighter on Jan 28, 2018.
             Slain by Grinder (4 damage)
             ... on level 3 of the Dungeon.
             The game lasted 00:08:09 (2405 turns).

Gildeon the Poker (Demigod Fighter)                 Turns: 2405, Time: 00:08:10

Health: -1/45      AC:  8    Str: 21    XL:     5   Next: 45%
Magic:  7/7        EV:  7    Int: 12    God:
Gold:   97         SH:  0    Dex: 15    Spells: 4/4 levels left

rFire    . . .     SeeInvis .   a - +0 trident
rCold    . . .     Gourm    +   (no shield)
rNeg     . . .     Faith    .   e - +0 chain mail
rPois    .         Spirit   .   (helmet restricted)
rElec    .         Reflect  .   (no cloak)
rCorr    .         Harm     .   (no gloves)
MR       .....                  (no boots)
Stlth    ..........             h - amulet of the gourmand
HPRegen  0.15/turn              (no ring)
MPRegen  0.10/turn              (no ring)

@: no status effects
A: beak, high mp 1, subdued magic 1
a: no special abilities


You were on level 3 of the Dungeon.
You were very full.

You visited 1 branch of the dungeon, and saw 3 of its levels.

You collected 97 gold pieces.

Inventory:

Hand Weapons
 a - a +0 trident (weapon)
Armour
 e - a +0 chain mail (worn)
Jewellery
 h - an amulet of the gourmand (around neck)
Wands
 i - a wand of iceblast (7)
Scrolls
 c - 2 scrolls of remove curse
 d - a scroll of fog
Potions
 b - a potion of ambrosia {unknown}
 g - a potion of heal wounds {unknown}
 k - a potion of curing {unknown}
 l - a potion of brilliance {unknown}
Comestibles
 f - 5 rations
 j - 6 chunks of flesh


   Skills:
 + Level 3.3 Fighting
 - Level 5.1 Polearms
 - Level 2.6 Armour
   Level 2.6 Shields


You had 4 spell levels left.
You didn't know any spells.

Dungeon Overview and Level Annotations

Branches:
Dungeon (3/15)

Annotations:
D:3 Grinder


Innate Abilities, Weirdness & Mutations

You have an increased reservoir of magic. (+10% MP)
You have a beak for a mouth.
Your spells are a little easier to cast, but a little less powerful.


Message History

Grinder is severely wounded.
Grinder hits you.
You writhe in agony.
* * * LOW HITPOINT WARNING * * *
You completely miss Grinder. You peck Grinder, but do no damage.
Grinder is severely wounded.
Grinder blinks!
Okay, then.
Grinder hits you but does no damage.
You closely miss Grinder. Your peck misses Grinder.
Grinder is severely wounded.
Grinder hits you.
* * * LOW HITPOINT WARNING * * *
You writhe in agony.
* * * LOW HITPOINT WARNING * * *
You puncture Grinder! Your peck misses Grinder.
Grinder is almost dead.
Grinder hits you.
* * * LOW HITPOINT WARNING * * *
You writhe in agony.
You die...

##### ....# ###.# #
###### ###.#
.#######....#
#...###.#.....#....#
#.##....#.....#....#
#.....###.....#.@..#
#..#).###.....#..5.###
.......................
...#.#.#########.#####.#
##.#.#.# #.# .. #.#.#
#.# ####.#(# #.#
####.#.# #.# ...#.#.# .#


You could see Grinder.

Vanquished Creatures
  Jessica (D:2)
  Natasha (thrice) (D:2)
  5 adders (D:2)
  4 oozes
  A dart slug (D:1)
  4 leopard geckos
  An orc (D:3)
  10 bats
  2 giant cockroaches (D:2)
  6 goblins
  11 hobgoblins
  2 jackals (D:2)
  5 kobolds
  3 quokkas (D:2)
  2 ball pythons (D:1)
  8 rats
  A plant (D:1)
69 creatures vanquished.

Notes
Turn   | Place    | Note
-------+----------+-------------------------------------------
     0 | D:1      | Gildeon the Demigod Fighter began the quest for the Orb.
     0 | D:1      | Reached XP level 1. HP: 18/18 MP: 3/3
    26 | D:1      | Reached skill level 2 in Polearms
   303 | D:1      | Reached XP level 2. HP: 25/25 MP: 4/4
   456 | D:1      | Reached skill level 3 in Polearms
   858 | D:1      | Reached XP level 3. HP: 29/30 MP: 5/5
   911 | D:1      | Gained mutation: Your spells are a little easier to cast, but a little less powerful. [potion of mutation]
   911 | D:1      | Gained mutation: You have a beak for a mouth. [potion of mutation]
  1266 | D:2      | Reached skill level 4 in Polearms
  1516 | D:2      | Reached XP level 4. HP: 31/37 MP: 6/6
  1565 | D:2      | Found a sparkling altar of Nemelex Xobeh.
  1672 | D:2      | Noticed Natasha
  1679 | D:2      | Killed Natasha
  1686 | D:2      | Noticed Natasha
  1692 | D:2      | Killed Natasha
  1754 | D:2      | Noticed Jessica
  1756 | D:2      | Killed Jessica
  1756 | D:2      | Reached skill level 5 in Polearms
  1756 | D:2      | Reached XP level 5. HP: 36/42 MP: 7/7
  2136 | D:2      | Noticed Natasha
  2143 | D:2      | Killed Natasha
  2203 | D:3      | Found a sacrificial altar of Ru.
  2381 | D:3      | Noticed Grinder
  2405 | D:3      | Slain by Grinder

Vault maps used:
D:1:      dpeg_arrival_rooms_with_view, serial_forest,
          infiniplex_forest_clump_small, infiniplex_forest_clump_tiny,
          infiniplex_forest_join, infiniplex_forest_clump_tiny,
          infiniplex_forest_end_2, infiniplex_forest_end_2
D:2:      old_standard_altar, first_ration, hangedman_decor_lopped,
          uniq_jessica, uniq_natasha
D:3:      lemuel_crystal_altar, uniq_grinder

Skill      XL: |  1  2  3  4  5 |
---------------+----------------+-----
Polearms       | 2 3 4 5 |  5.1
Fighting       | 3 |  3.3
Armour         | |  2.6
Shields        | |  2.6

Action                   |  1- 3 |  4- 6 || total
-------------------------+-------+-------++-------
Melee: Trident           |   151 |    82 ||   233
       Peck              |    23 |    22 ||    45
  Use: Scroll            |     4 |     3 ||     7
       Potion            |     1 |     2 ||     3
  Eat: Chunk             |    17 |     2 ||    19
Armor: Scale mail        |    82 |    12 ||    94
       Chain mail        |       |    43 ||    43
Dodge: Dodged            |    82 |    35 ||   117

Table legend:
 A = Spawn XP
 B = Non-spawn XP
 C = Spawn XP percentage of total XP
 D = Spawn monster count
 E = Non-spawn monster count
 F = Spawn count percentage of total count
 G = Total turns spent on level
                    A         B        C        D         E        F      G
               +---------+---------+-------+---------+---------+-------+---------
         Total |       0 |     332 |   0.0 |       0 |      68 |   0.0 |  2405
               +---------+---------+-------+---------+---------+-------+---------
           D:1 |       0 |      59 |   0.0 |       0 |      26 |   0.0 |  1100
           D:2 |       0 |     255 |   0.0 |       0 |      36 |   0.0 |  1103
           D:3 |       0 |      18 |   0.0 |       0 |       6 |   0.0 |   202
               +---------+---------+-------+---------+---------+-------+---------
